woodfighter, chaotic female orcish Cavewoman ----- --------- ------- ----...--|..|-...---- --.....| |.`......|`.|.....`.---...`.-- |........>.....)...`...`..`.| |.----[------.....---..`.``-- |.| |.| --....| --.....| |.| |.--- ------ |-----| |.----...| |.....|-- |.`.`..`.| |.....+.| |...|..@-------------|.....|-| ----|..m^^^^^^^^^^^^.+..(..+.| -----------------|.....|-| |.....+.| |.....|-- ------- woodfighter the Young Cave Woman Experience level: 6 Strength: 18/01 Dexterity: 14 Constitution: 14 Intelligence: 8 Wisdom: 10 Charisma: 9 Health: 0(37) Energy: 23(23) Def: 2 Gold: 0 Moves: 4824 Dungeon seed: 0IXH1ka_oiRxIf3V Game ID: woodfighter_1485952392 Your Inventory: Weapons a - a +1 club (weapon in hand) F - 7 +0 orcish spears (in quiver) Armor e - an uncursed +0 mummy wrapping n - an uncursed +0 orcish helm q - a blessed +0 leather armor (being worn) Comestibles c - 3 uncursed mangos f - 2 uncursed eggs z - an uncursed fortune cookie H - an uncursed sprig of wolfsbane V - 4 uncursed food rations W - an uncursed eucalyptus leaf Wands b - a wand of probing (0:8) g - a wand of lightning (0:6) h - a wand of lightning (0:8) j - a wand of probing (0:4) x - a wand of enlightenment (0:14) N - a wand of slow monster (0:4) Y - a wand of polymorph (0:7) Tools i - an uncursed blindfold l - an uncursed tin whistle s - an uncursed bag of holding Contents of the bag of holding: 30 gold pieces a [uncursed] amulet of ESP a [blessed] potion of gain ability a [uncursed] ring of fire resistance a [uncursed] ring of searching a [uncursed] ring of see invisible a [cursed] [-2] ring of stealth a [uncursed] ring of teleport control a [uncursed] ring of warning Spells and supernatural/magical abilities: Name Level Category Fail Memory W - pray for help -- divine ? -- Your skills at the end: Miscellaneous Skills bare handed combat [Basic] Weapon Skills scimitar [Basic] club [Basic] sling [Basic] Spellcasting Skills Final Attributes: You were piously aligned. You were poison resistant. You had infravision. You were very stealthy. You were held by a giant mimic. You are dead. Vanquished creatures: a horse a dwarf mummy a dust vortex a baby crocodile 3 Mordor orcs 2 Uruk-hai a rock mole 2 fog clouds a kobold mummy a red naga hatchling a golden naga hatchling a gray ooze 7 elf zombies 3 puppies a floating eye 2 iguanas a rabid rat a jitterbug 3 orc zombies 2 hobbits 3 acid blobs 2 large kobolds 4 geckos a hobgoblin 2 giant rats 3 cave spiders a yellow mold a red mold 13 jackals 8 newts 10 grid bugs 4 bats a lichen 4 kobold zombies 93 creatures vanquished. Voluntary challenges: You did not adorn yourself with jewelry or accessories. You did not cause conflict. You were not invisible. You did not have reflection. You were not displaced. You were an atheist. You used a wielded weapon 138 times, starting on turn 18. You did not apply a unicorn horn. You did not use plumbed fixtures. You did not drink any magical draughts. You were illiterate. You never genocided any monsters. You never polymorphed an object. You never changed form. You used no wishes. You never split a pudding. You never wrote Elbereth's name. You never violated your personal moral code. Dungeon overview: The Dungeons of Doom: levels 1 to 8 Level 1 a fountain a long staircase Level 2 (locked box) a bookstore Level 3 a fountain stairs to The Gnomish Mines Level 4 some fountains Level 5 an armor shop Level 6 Level 7 many fountains Level 8 stairs to Sokoban The Gnomish Mines: Level 4 stairs to The Dungeons of Doom Sokoban: levels 4 to 7 Level 4 <- You were here a magic chest Level 5 Level 6 Level 7 a magic chest stairs to The Dungeons of Doom History has recorded: On T:1 you entered the Dungeons of Doom to retrieve the Amulet of Yendor! On T:140 you reached level 2 of The Dungeons of Doom. On T:538 you reached level 3 of The Dungeons of Doom. On T:764 you advanced to experience level 2. On T:773 you reached level 4 of The Dungeons of Doom. On T:928 you advanced to experience level 3. On T:1075 you reached level 1 of The Gnomish Mines. On T:1212 you reached level 5 of The Dungeons of Doom. On T:1215 you reached level 6 of The Dungeons of Doom. On T:1526 you advanced to experience level 4. On T:2198 you reached level 7 of The Dungeons of Doom. On T:2615 you advanced to experience level 5. On T:2785 you reached level 8 of The Dungeons of Doom. On T:3230 you reached level 4 of Sokoban. On T:3283 you opened a magic chest. On T:3435 you advanced to experience level 6. On T:3565 you reached level 3 of Sokoban. On T:3862 you reached level 2 of Sokoban. On T:4657 you reached level 1 of Sokoban. Score breakdown: Gold: 30 ( 3 points) Experience: 6 levels ( 500 points) Exploration: 8 levels ( 210 points) Discoveries: 16 items ( 800 points) Variety of kills: 34 monsters ( 1700 points) Major goal: (nothing yet) ( 0 points) Survival: died (score multiplied by 3) Total score: 9639 Latest messages: You see here 7 bamboo arrows. With great effort you move the boulder. The boulder falls into and plugs a hole in the floor! With great effort you move the boulder. You see here 7 bamboo arrows. With great effort you move the boulder. The boulder falls into and plugs a hole in the floor! With great effort you move the boulder. You see here 7 bamboo arrows. With great effort you move the boulder. The boulder falls into and plugs a hole in the floor! The cave spider bites! You kill the cave spider! There are a few objects here. This cave spider corpse tastes terrible! You finish eating the cave spider corpse. r - a pair of jackboots. You drop a pair of jackboots. You see here a fortune cookie. z - a fortune cookie. Wait! That's a giant mimic! The giant mimic claws you! (2x) You hit the giant mimic! (4x) The giant mimic claws you! You die... Final status: Goodbye woodfighter the Cavewoman, killed by a giant mimic... You died in Sokoban on dungeon level 4 with 9639 points, and 30 pieces of gold, after 4824 moves. You were level 6 with a maximum of 37 hit points when you died.